%YAML 1.1
%TAG !u! tag:unity3d.com,2011:
--- !u!1 &6539585320978228193
GameObject:
  m_ObjectHideFlags: 0
  m_CorrespondingSourceObject: {fileID: 0}
  m_PrefabInstance: {fileID: 0}
  m_PrefabAsset: {fileID: 0}
  serializedVersion: 6
  m_Component:
  - component: {fileID: 6539585320978228206}
  - component: {fileID: 6539585320978228207}
  m_Layer: 3
  m_Name: Visual
  m_TagString: Untagged
  m_Icon: {fileID: 0}
  m_NavMeshLayer: 0
  m_StaticEditorFlags: 0
  m_IsActive: 1
--- !u!4 &6539585320978228206
Transform:
  m_ObjectHideFlags: 0
  m_CorrespondingSourceObject: {fileID: 0}
  m_PrefabInstance: {fileID: 0}
  m_PrefabAsset: {fileID: 0}
  m_GameObject: {fileID: 6539585320978228193}
  m_LocalRotation: {x: 0.38268343, y: 0, z: 0, w: 0.92387956}
  m_LocalPosition: {x: 0, y: 0, z: 0}
  m_LocalScale: {x: 15, y: 15, z: 1}
  m_ConstrainProportionsScale: 0
  m_Children: []
  m_Father: {fileID: 6539585322112152972}
  m_RootOrder: 0
  m_LocalEulerAnglesHint: {x: 45, y: 0, z: 0}
--- !u!212 &6539585320978228207
SpriteRenderer:
  m_ObjectHideFlags: 0
  m_CorrespondingSourceObject: {fileID: 0}
  m_PrefabInstance: {fileID: 0}
  m_PrefabAsset: {fileID: 0}
  m_GameObject: {fileID: 6539585320978228193}
  m_Enabled: 1
  m_CastShadows: 0
  m_ReceiveShadows: 0
  m_DynamicOccludee: 1
  m_StaticShadowCaster: 0
  m_MotionVectors: 1
  m_LightProbeUsage: 1
  m_ReflectionProbeUsage: 1
  m_RayTracingMode: 0
  m_RayTraceProcedural: 0
  m_RenderingLayerMask: 1
  m_RendererPriority: 0
  m_Materials:
  - {fileID: 10754, guid: 0000000000000000f000000000000000, type: 0}
  m_StaticBatchInfo:
    firstSubMesh: 0
    subMeshCount: 0
  m_StaticBatchRoot: {fileID: 0}
  m_ProbeAnchor: {fileID: 0}
  m_LightProbeVolumeOverride: {fileID: 0}
  m_ScaleInLightmap: 1
  m_ReceiveGI: 1
  m_PreserveUVs: 0
  m_IgnoreNormalsForChartDetection: 0
  m_ImportantGI: 0
  m_StitchLightmapSeams: 1
  m_SelectedEditorRenderState: 0
  m_MinimumChartSize: 4
  m_AutoUVMaxDistance: 0.5
  m_AutoUVMaxAngle: 89
  m_LightmapParameters: {fileID: 0}
  m_SortingLayerID: 0
  m_SortingLayer: 0
  m_SortingOrder: 0
  m_Sprite: {fileID: 1335929111, guid: dfe1a11af5774d245970be1d26634db1, type: 3}
  m_Color: {r: 1, g: 1, b: 1, a: 1}
  m_FlipX: 0
  m_FlipY: 0
  m_DrawMode: 0
  m_Size: {x: 0.7, y: 0.77}
  m_AdaptiveModeThreshold: 0.5
  m_SpriteTileMode: 0
  m_WasSpriteAssigned: 1
  m_MaskInteraction: 0
  m_SpriteSortPoint: 0
--- !u!1 &6539585322112152975
GameObject:
  m_ObjectHideFlags: 0
  m_CorrespondingSourceObject: {fileID: 0}
  m_PrefabInstance: {fileID: 0}
  m_PrefabAsset: {fileID: 0}
  serializedVersion: 6
  m_Component:
  - component: {fileID: 6539585322112152972}
  - component: {fileID: 6539585322112152971}
  - component: {fileID: 6539585322112152970}
  - component: {fileID: 6539585322112152973}
  m_Layer: 3
  m_Name: Bush
  m_TagString: Untagged
  m_Icon: {fileID: 0}
  m_NavMeshLayer: 0
  m_StaticEditorFlags: 0
  m_IsActive: 1
--- !u!4 &6539585322112152972
Transform:
  m_ObjectHideFlags: 0
  m_CorrespondingSourceObject: {fileID: 0}
  m_PrefabInstance: {fileID: 0}
  m_PrefabAsset: {fileID: 0}
  m_GameObject: {fileID: 6539585322112152975}
  m_LocalRotation: {x: 0, y: 0, z: 0, w: 1}
  m_LocalPosition: {x: 24.07, y: 2.5, z: -20.92}
  m_LocalScale: {x: 1, y: 1, z: 1}
  m_ConstrainProportionsScale: 0
  m_Children:
  - {fileID: 6539585320978228206}
  - {fileID: 8070572282197719802}
  - {fileID: 7564939972415487483}
  m_Father: {fileID: 0}
  m_RootOrder: 0
  m_LocalEulerAnglesHint: {x: 0, y: 0, z: 0}
--- !u!65 &6539585322112152971
BoxCollider:
  m_ObjectHideFlags: 0
  m_CorrespondingSourceObject: {fileID: 0}
  m_PrefabInstance: {fileID: 0}
  m_PrefabAsset: {fileID: 0}
  m_GameObject: {fileID: 6539585322112152975}
  m_Material: {fileID: 0}
  m_IsTrigger: 1
  m_Enabled: 1
  serializedVersion: 2
  m_Size: {x: 4.50716, y: 5.9514213, z: 1.3551121}
  m_Center: {x: 0.2464199, y: 0.09, z: 0.7}
--- !u!54 &6539585322112152970
Rigidbody:
  m_ObjectHideFlags: 0
  m_CorrespondingSourceObject: {fileID: 0}
  m_PrefabInstance: {fileID: 0}
  m_PrefabAsset: {fileID: 0}
  m_GameObject: {fileID: 6539585322112152975}
  serializedVersion: 2
  m_Mass: 1
  m_Drag: 0
  m_AngularDrag: 0.05
  m_UseGravity: 0
  m_IsKinematic: 0
  m_Interpolate: 0
  m_Constraints: 112
  m_CollisionDetection: 0
--- !u!114 &6539585322112152973
MonoBehaviour:
  m_ObjectHideFlags: 0
  m_CorrespondingSourceObject: {fileID: 0}
  m_PrefabInstance: {fileID: 0}
  m_PrefabAsset: {fileID: 0}
  m_GameObject: {fileID: 6539585322112152975}
  m_Enabled: 1
  m_EditorHideFlags: 0
  m_Script: {fileID: 11500000, guid: b42d5d5951014de458bc49ecec63cd93, type: 3}
  m_Name: 
  m_EditorClassIdentifier: 
  interactDuration: 2
  onInteractStart:
    m_PersistentCalls:
      m_Calls: []
  onInteractEnd:
    m_PersistentCalls:
      m_Calls: []
  eyesIndicator:
  - {fileID: 5518720586280008465}
  anim: {fileID: 0}
  animationState: 
--- !u!1001 &6001716877401286707
PrefabInstance:
  m_ObjectHideFlags: 0
  serializedVersion: 2
  m_Modification:
    m_TransformParent: {fileID: 6539585322112152972}
    m_Modifications:
    - target: {fileID: 2542861468944716489, guid: ddb124a5bff9deb478ca4e3bc64941f9, type: 3}
      propertyPath: m_Pivot.x
      value: 0.5
      objectReference: {fileID: 0}
    - target: {fileID: 2542861468944716489, guid: ddb124a5bff9deb478ca4e3bc64941f9, type: 3}
      propertyPath: m_Pivot.y
      value: 0.5
      objectReference: {fileID: 0}
    - target: {fileID: 2542861468944716489, guid: ddb124a5bff9deb478ca4e3bc64941f9, type: 3}
      propertyPath: m_RootOrder
      value: 1
      objectReference: {fileID: 0}
    - target: {fileID: 2542861468944716489, guid: ddb124a5bff9deb478ca4e3bc64941f9, type: 3}
      propertyPath: m_AnchorMax.x
      value: 0
      objectReference: {fileID: 0}
    - target: {fileID: 2542861468944716489, guid: ddb124a5bff9deb478ca4e3bc64941f9, type: 3}
      propertyPath: m_AnchorMax.y
      value: 0
      objectReference: {fileID: 0}
    - target: {fileID: 2542861468944716489, guid: ddb124a5bff9deb478ca4e3bc64941f9, type: 3}
      propertyPath: m_AnchorMin.x
      value: 0
      objectReference: {fileID: 0}
    - target: {fileID: 2542861468944716489, guid: ddb124a5bff9deb478ca4e3bc64941f9, type: 3}
      propertyPath: m_AnchorMin.y
      value: 0
      objectReference: {fileID: 0}
    - target: {fileID: 2542861468944716489, guid: ddb124a5bff9deb478ca4e3bc64941f9, type: 3}
      propertyPath: m_SizeDelta.x
      value: 1
      objectReference: {fileID: 0}
    - target: {fileID: 2542861468944716489, guid: ddb124a5bff9deb478ca4e3bc64941f9, type: 3}
      propertyPath: m_SizeDelta.y
      value: 1
      objectReference: {fileID: 0}
    - target: {fileID: 2542861468944716489, guid: ddb124a5bff9deb478ca4e3bc64941f9, type: 3}
      propertyPath: m_LocalPosition.x
      value: 0
      objectReference: {fileID: 0}
    - target: {fileID: 2542861468944716489, guid: ddb124a5bff9deb478ca4e3bc64941f9, type: 3}
      propertyPath: m_LocalPosition.y
      value: 0
      objectReference: {fileID: 0}
    - target: {fileID: 2542861468944716489, guid: ddb124a5bff9deb478ca4e3bc64941f9, type: 3}
      propertyPath: m_LocalPosition.z
      value: 0
      objectReference: {fileID: 0}
    - target: {fileID: 2542861468944716489, guid: ddb124a5bff9deb478ca4e3bc64941f9, type: 3}
      propertyPath: m_LocalRotation.w
      value: 1
      objectReference: {fileID: 0}
    - target: {fileID: 2542861468944716489, guid: ddb124a5bff9deb478ca4e3bc64941f9, type: 3}
      propertyPath: m_LocalRotation.x
      value: 0
      objectReference: {fileID: 0}
    - target: {fileID: 2542861468944716489, guid: ddb124a5bff9deb478ca4e3bc64941f9, type: 3}
      propertyPath: m_LocalRotation.y
      value: 0
      objectReference: {fileID: 0}
    - target: {fileID: 2542861468944716489, guid: ddb124a5bff9deb478ca4e3bc64941f9, type: 3}
      propertyPath: m_LocalRotation.z
      value: 0
      objectReference: {fileID: 0}
    - target: {fileID: 2542861468944716489, guid: ddb124a5bff9deb478ca4e3bc64941f9, type: 3}
      propertyPath: m_AnchoredPosition.x
      value: 0
      objectReference: {fileID: 0}
    - target: {fileID: 2542861468944716489, guid: ddb124a5bff9deb478ca4e3bc64941f9, type: 3}
      propertyPath: m_AnchoredPosition.y
      value: 0
      objectReference: {fileID: 0}
    - target: {fileID: 2542861468944716489, guid: ddb124a5bff9deb478ca4e3bc64941f9, type: 3}
      propertyPath: m_LocalEulerAnglesHint.x
      value: 0
      objectReference: {fileID: 0}
    - target: {fileID: 2542861468944716489, guid: ddb124a5bff9deb478ca4e3bc64941f9, type: 3}
      propertyPath: m_LocalEulerAnglesHint.y
      value: 0
      objectReference: {fileID: 0}
    - target: {fileID: 2542861468944716489, guid: ddb124a5bff9deb478ca4e3bc64941f9, type: 3}
      propertyPath: m_LocalEulerAnglesHint.z
      value: 0
      objectReference: {fileID: 0}
    - target: {fileID: 4887053340458747370, guid: ddb124a5bff9deb478ca4e3bc64941f9, type: 3}
      propertyPath: m_Name
      value: Interact Icon
      objectReference: {fileID: 0}
    m_RemovedComponents: []
  m_SourcePrefab: {fileID: 100100000, guid: ddb124a5bff9deb478ca4e3bc64941f9, type: 3}
--- !u!224 &8070572282197719802 stripped
RectTransform:
  m_CorrespondingSourceObject: {fileID: 2542861468944716489, guid: ddb124a5bff9deb478ca4e3bc64941f9, type: 3}
  m_PrefabInstance: {fileID: 6001716877401286707}
  m_PrefabAsset: {fileID: 0}
--- !u!1001 &6212462968432995328
PrefabInstance:
  m_ObjectHideFlags: 0
  serializedVersion: 2
  m_Modification:
    m_TransformParent: {fileID: 6539585322112152972}
    m_Modifications:
    - target: {fileID: 4524722299740213755, guid: 0226c244658400248959c39a3df84e82, type: 3}
      propertyPath: m_Pivot.x
      value: 0.5
      objectReference: {fileID: 0}
    - target: {fileID: 4524722299740213755, guid: 0226c244658400248959c39a3df84e82, type: 3}
      propertyPath: m_Pivot.y
      value: 0.5
      objectReference: {fileID: 0}
    - target: {fileID: 4524722299740213755, guid: 0226c244658400248959c39a3df84e82, type: 3}
      propertyPath: m_RootOrder
      value: 2
      objectReference: {fileID: 0}
    - target: {fileID: 4524722299740213755, guid: 0226c244658400248959c39a3df84e82, type: 3}
      propertyPath: m_AnchorMax.x
      value: 0
      objectReference: {fileID: 0}
    - target: {fileID: 4524722299740213755, guid: 0226c244658400248959c39a3df84e82, type: 3}
      propertyPath: m_AnchorMax.y
      value: 0
      objectReference: {fileID: 0}
    - target: {fileID: 4524722299740213755, guid: 0226c244658400248959c39a3df84e82, type: 3}
      propertyPath: m_AnchorMin.x
      value: 0
      objectReference: {fileID: 0}
    - target: {fileID: 4524722299740213755, guid: 0226c244658400248959c39a3df84e82, type: 3}
      propertyPath: m_AnchorMin.y
      value: 0
      objectReference: {fileID: 0}
    - target: {fileID: 4524722299740213755, guid: 0226c244658400248959c39a3df84e82, type: 3}
      propertyPath: m_SizeDelta.x
      value: 1
      objectReference: {fileID: 0}
    - target: {fileID: 4524722299740213755, guid: 0226c244658400248959c39a3df84e82, type: 3}
      propertyPath: m_SizeDelta.y
      value: 1
      objectReference: {fileID: 0}
    - target: {fileID: 4524722299740213755, guid: 0226c244658400248959c39a3df84e82, type: 3}
      propertyPath: m_LocalPosition.x
      value: 0
      objectReference: {fileID: 0}
    - target: {fileID: 4524722299740213755, guid: 0226c244658400248959c39a3df84e82, type: 3}
      propertyPath: m_LocalPosition.y
      value: 0
      objectReference: {fileID: 0}
    - target: {fileID: 4524722299740213755, guid: 0226c244658400248959c39a3df84e82, type: 3}
      propertyPath: m_LocalPosition.z
      value: -2.9000015
      objectReference: {fileID: 0}
    - target: {fileID: 4524722299740213755, guid: 0226c244658400248959c39a3df84e82, type: 3}
      propertyPath: m_LocalRotation.w
      value: 1
      objectReference: {fileID: 0}
    - target: {fileID: 4524722299740213755, guid: 0226c244658400248959c39a3df84e82, type: 3}
      propertyPath: m_LocalRotation.x
      value: -0
      objectReference: {fileID: 0}
    - target: {fileID: 4524722299740213755, guid: 0226c244658400248959c39a3df84e82, type: 3}
      propertyPath: m_LocalRotation.y
      value: -0
      objectReference: {fileID: 0}
    - target: {fileID: 4524722299740213755, guid: 0226c244658400248959c39a3df84e82, type: 3}
      propertyPath: m_LocalRotation.z
      value: -0
      objectReference: {fileID: 0}
    - target: {fileID: 4524722299740213755, guid: 0226c244658400248959c39a3df84e82, type: 3}
      propertyPath: m_AnchoredPosition.x
      value: 18.8
      objectReference: {fileID: 0}
    - target: {fileID: 4524722299740213755, guid: 0226c244658400248959c39a3df84e82, type: 3}
      propertyPath: m_AnchoredPosition.y
      value: -4.83
      objectReference: {fileID: 0}
    - target: {fileID: 4524722299740213755, guid: 0226c244658400248959c39a3df84e82, type: 3}
      propertyPath: m_LocalEulerAnglesHint.x
      value: 0
      objectReference: {fileID: 0}
    - target: {fileID: 4524722299740213755, guid: 0226c244658400248959c39a3df84e82, type: 3}
      propertyPath: m_LocalEulerAnglesHint.y
      value: 0
      objectReference: {fileID: 0}
    - target: {fileID: 4524722299740213755, guid: 0226c244658400248959c39a3df84e82, type: 3}
      propertyPath: m_LocalEulerAnglesHint.z
      value: 0
      objectReference: {fileID: 0}
    - target: {fileID: 7189533182638391131, guid: 0226c244658400248959c39a3df84e82, type: 3}
      propertyPath: m_Name
      value: EyeIndicator
      objectReference: {fileID: 0}
    m_RemovedComponents: []
  m_SourcePrefab: {fileID: 100100000, guid: 0226c244658400248959c39a3df84e82, type: 3}
--- !u!114 &5518720586280008465 stripped
MonoBehaviour:
  m_CorrespondingSourceObject: {fileID: 1918943583296902929, guid: 0226c244658400248959c39a3df84e82, type: 3}
  m_PrefabInstance: {fileID: 6212462968432995328}
  m_PrefabAsset: {fileID: 0}
  m_GameObject: {fileID: 0}
  m_Enabled: 1
  m_EditorHideFlags: 0
  m_Script: {fileID: 11500000, guid: fe87c0e1cc204ed48ad3b37840f39efc, type: 3}
  m_Name: 
  m_EditorClassIdentifier: 
--- !u!224 &7564939972415487483 stripped
RectTransform:
  m_CorrespondingSourceObject: {fileID: 4524722299740213755, guid: 0226c244658400248959c39a3df84e82, type: 3}
  m_PrefabInstance: {fileID: 6212462968432995328}
  m_PrefabAsset: {fileID: 0}
